 Dungeon Crawl Stone Soup version 0.29.0-13-gc9e81de378 (webtiles) character file.

Game seed: 11127788674574698916

14 Ofeo the Digger (level 2, -3/20 HPs)
             Began as a Meteoran Earth Elementalist on Sept 8, 2022.
             Killed from afar by a dart slug (5 damage)
             ... with a slug dart
             ... on level 1 of the Dungeon.
             The game lasted 00:01:14 (149 turns).

Ofeo the Digger (Meteoran Earth Elementalist)        Turns: 149, Time: 00:01:14

Health: -3/20      AC:  2    Str:  9    XL:     2   Next: 82%
Magic:  5/6        EV: 12    Int: 16    God:
Gold:   0          SH:  0    Dex: 14    Spells: 5/6 levels left

rFire   . . .      SeeInvis .   (no weapon)
rCold   . . .      Faith    .   (no shield)
rNeg    . . .      Spirit   .   a - +0 robe
rPois   .          Reflect  .   (no helmet)
rElec   .          Harm     .   (no cloak)
rCorr   .          Rampage  .   (no gloves)
Will    .....                   (no boots)
Stlth   +.........              (no amulet)
HPRegen 0.06/turn               (no ring)
MPRegen 0.10/turn               (no ring)

@: glowing
A: sense surroundings 1, otherworldly, glowing, explore regen
a: no special abilities


You were on level 1 of the Dungeon.
You visited 1 branch of the dungeon, and saw 1 of its levels.

Inventory:

Armour
 a - a +0 robe (worn)
Scrolls
 d - 2 scrolls of identify {unknown}


   Skills:
 + Level 2.7 Dodging
 + Level 1.6 Stealth
 + Level 2.9 Spellcasting
 + Level 1.6 Transmutations
 + Level 3.8 Earth Magic


You had 5 spell levels left.
You knew the following spells:

 Your Spells              Type           Power      Damage    Failure   Level
a - Sandblast             Erth           28%        2d8       3%          1

Your spell library contained the following spells:

 Spells                   Type           Power      Damage    Failure   Level
 Passwall                 Tmut/Erth      9%         N/A       9%          2
 Stone Arrow              Conj/Erth      16%        3d8       26%         3
 Petrify                  Tmut/Erth      11%        N/A       52%         4


Dungeon Overview and Level Annotations

Branches:
Dungeon (1/15) Zot: 437

Altars:


Innate Abilities, Weirdness & Mutations

You passively map a small area around you.
You are easily found by Zot.
You glow in the dark.
You regain HP and MP as you explore.


Message History

The slug dart hits you.
* * * LOW HITPOINT WARNING * * *
You take 3 damage, and have 6/20 hp.
The goblin attacks as you move away! The goblin hits you with a +0 dagger.
* * * LOW HITPOINT WARNING * * *
You take 4 damage, and have 2/20 hp.
The goblin attacks as you move away! The goblin closely misses you.
It was a potion of cancellation.
You feel magically purged. The goblin hits you but does no damage.
Okay, then.
Casting: Sandblast (safe; 3% risk of failure)
Confirm with . or Enter, or press ? or * to list all spells.
Aiming: Sandblast (safe; 3% risk of failure)
Press: ? - help, Shift-Dir - straight line, f/p - goblin
Aim: a goblin, wielding a +0 dagger and wearing a +0 scale mail (80% to hit)
The blast of sand hits the goblin but does no damage.
The goblin hits you with a +0 dagger.
* * * LOW HITPOINT WARNING * * *
The goblin hits you but does no damage.
You now have 1/6 mp.
Casting: Sandblast (safe; 3% risk of failure)
Confirm with . or Enter, or press ? or * to list all spells.
Aiming: Sandblast (safe; 3% risk of failure)
Press: ? - help, Shift-Dir - straight line, f/p - goblin
Aim: a goblin, wielding a +0 dagger and wearing a +0 scale mail (80% to hit)
The blast of sand hits the goblin but does no damage.
The goblin hits you but does no damage.
You now have 0/6 mp.
Magic courses through your body. The goblin closely misses you.
MP restored: 6
Casting: Sandblast (safe; 3% risk of failure)
Confirm with . or Enter, or press ? or * to list all spells.
Aiming: Sandblast (safe; 3% risk of failure)
Press: ? - help, Shift-Dir - straight line, f/p - goblin
Aim: a goblin, wielding a +0 dagger and wearing a +0 scale mail (80% to hit)
The blast of sand hits the goblin!
You kill the goblin!
The dart slug launches a dart at you. The slug dart hits you.
You die...

.........#.....#..#..#.....#...
########..#...#...#...#...#..##
#.....###...#.#...###...#
#....#..#..#..w#..#..#..##
#...#...###.$w..###...#..# * **
#..)...#..#.....#..#...... ~
#.....#...#.....#...#..... *
#........#)#...#.#........
#.....†.#@..#.#...#.......
*+....†....................
##.....#.............##...
#......###########...##... *
~###....# #....##### ~ #....#
######...##** * * #######
#....†...# #... #####.##
###.#####+## #...
*#......######.....# * #...


You could see 2 dart slugs.

Vanquished Creatures
  A giant cockroach (D:1)
  3 goblins (D:1)
  3 hobgoblins (D:1)
  A bat (D:1)
  3 kobolds (D:1)
  3 rats (D:1)
14 creatures vanquished.

Notes
Turn   | Place    | Note
-------+----------+-------------------------------------------
     0 | D:1      | Ofeo the Meteoran Earth Elementalist began the quest for
                  | the Orb.
     0 | D:1      | Reached XP level 1. HP: 14/14 MP: 5/5
    59 | D:1      | Reached XP level 2. HP: 19/20 MP: 2/6
   149 | D:1      | Killed from afar by a dart slug

Illustrated notes

Levels and vault maps discovered:
D:1:      ebering_trefoil_3fold, layout_basic, dreamdust_ecumenical_altar_grove,
          serial_park_tiny_pond, minmay_misc_feat_secret_circle,
          chequers_serial_rivers_large_b, minmay_splitting_lines, st_stairs_2,
          item_on_display_a

Action                   || total
-------------------------++-------
Melee: Unarmed           ||     1
 Cast: Sandblast         ||    26
  Use: Potion            ||     2
Armor: Robe              ||     5
Dodge: Dodged            ||    16
